 Dungeon Crawl Stone Soup version 0.29.1 (webtiles) character file.

Game seed: 14680087382677010173

1829 masschaos23 the Covert (level 9, -6/58 HPs)
             Began as an Octopode Brigand on Sept 13, 2022.
             Was a Plaything of Xom.
             Killed by divine providence
             ... invoked by an orc priest
              (13 damage)
             ... on level 6 of the Dungeon.
             The game lasted 00:46:06 (7552 turns).

masschaos23 the Covert (Octopode Brigand)           Turns: 7552, Time: 00:46:06

Health: -6/58      AC:  3    Str:  8    XL:     9   Next: 11%
Magic:  9/9        EV: 16    Int: 16    God:    Xom [.....*]
Gold:   346        SH:  0    Dex: 27    Spells: 8/8 levels left

rFire   . . .      SeeInvis .   o - +2 dagger (drain)
rCold   + . .      Faith    .   (no shield)
rNeg    . . .      Spirit   .   (helmet restricted)
rPois   .          Reflect  .   (no amulet)
rElec   .          Harm     .   f - +6 ring of dexterity
rCorr   .          Rampage  .   (no ring)
Will    .....                   (no ring)
Stlth   +++++++...              (no ring)
HPRegen 0.19/turn               (no ring)
MPRegen 0.11/turn               (no ring)
                                (no ring)
                                (no ring)

@: studying Earth Magic
A: almost no armour, amphibious, 8 rings, camouflage 1, gelatinous body 1,
(nimble swimmer 1), tentacles, tentacle spike 1, iridescent scales 1, agile 1,
clever 1, cold resistance 1, evolution 1, noise suppression
a: Renounce Religion


You were on level 6 of the Dungeon.
You worshipped Xom.
You were Xom's teddy bear.
You visited 1 branch of the dungeon, and saw 6 of its levels.

You collected 346 gold pieces.

Inventory:

Hand Weapons
 a - a +2 dagger of freezing
 h - a +3 dagger of electrocution
 k - a +2 short sword of venom
 o - a +2 dagger of draining (weapon)
 s - a +2 dagger of chaos
 E - a +1 quarterstaff of speed
 K - a +0 scythe of protection
Missiles
 b - 14 poisoned darts (quivered)
 g - a curare-tipped dart
 j - 51 stones
Armour
 i - a +0 pair of gloves
 x - a +0 hat
 G - a +0 buckler
Jewellery
 f - a +6 ring of dexterity (left tentacle)
Wands
 p - a wand of charming (10)
 A - a wand of mindburst (20)
 B - a wand of acid (10)
Scrolls
 e - 3 scrolls of enchant armour
 t - a scroll of torment
 v - a scroll of poison
 z - a scroll of acquirement {unknown}
 C - 2 scrolls of noise {unknown}
 F - a scroll of vulnerability
 J - a scroll of teleportation {unknown}
Potions
 c - a potion of brilliance
 d - 2 potions of cancellation
 l - 3 potions of magic
 n - a potion of might
 r - a potion of flight
 u - 2 potions of curing {unknown}
 w - a potion of heal wounds {unknown}
 D - 2 potions of attraction


   Skills:
 + Level 4.0 Fighting
 + Level 5.7 Short Blades
 + Level 4.5 Throwing
 + Level 3.5 Dodging
 + Level 12.1 Stealth
 + Level 0.4 Evocations


You had 8 spell levels left.
You didn't know any spells.
Your spell library contained the following spells:

 Spells                   Type           Power      Damage    Failure   Level
 Animate Dead             Necr           0%         N/A       94%         4
 Corpse Rot               Necr/Pois/Air  0%         N/A       94%         4
 Dispel Undead            Necr           0%         3d6       94%         4
 Borgnjor's Vile Clutch   Necr/Erth      0%         N/A       100%        5
 Death Channel            Necr           0%         N/A       100%        6


Dungeon Overview and Level Annotations

Branches:
Dungeon (6/15)
 Temple: D:4-7

Altars:
Ashenzari
Cheibriados
Uskayaw
Xom


Innate Abilities, Weirdness & Mutations

You cannot wear most types of armour.
You are amphibious.
You can wear up to eight rings at the same time.
Your skin changes colour to match your surroundings (Stealth+).
Your rubbery body absorbs attacks. (AC +1, EV +1)
((You are camouflaged when in or above water. (Stealth+)))
You have tentacles for arms and can constrict up to eight enemies at once.
One of your tentacles bears a spike.
You are partially covered in iridescent scales. (AC +2)
You are agile. (Dex +4, Str/Int -1)
Your mind is acute. (Int +4, Str/Dex -1)
Your flesh is cold resistant. (rC+)
You have hidden genetic potential.
You passively dampen the noise of your surroundings.


Message History

The orc shouts! x2; The orc priest shouts!
You swap places.
Found a stone staircase leading down.
The orc priest calls down the wrath of Beogh upon you.
Beogh smites you!
* * * LOW HITPOINT WARNING * * *
You swap places.
The orc priest casts a cantrip, but nothing happens.
The orc barely misses you. The orc misses you. The orc closely misses you.
You hit the orc but do no damage. You drain the orc. Your grab misses the orc.
You squeeze the orc.
The orc is severely wounded.
The orc priest calls upon Beogh to heal the orc.
The orc's wounds heal themselves!
The orc barely misses you. The orc hits you with a +0 mace.
* * * LOW HITPOINT WARNING * * *
The orc hits you from afar with a +0 trident.
* * * LOW HITPOINT WARNING * * *
You hit the orc. You drain the orc. Your grab misses the orc.
The orc is severely wounded.
You hit the orc. You drain the orc.
You kill the orc!
The orc completely misses you. The orc misses you.
The orc priest mumbles some strange prayers to Beogh against you.
Your butterfly writhes in agony.
Your butterfly dies!
Your butterfly disappears in a puff of smoke!
You hit the orc. You drain the orc. You grab the orc.
You pierce the orc.
You kill the orc!
The orc barely misses you. The orc misses you.
The orc priest hits your butterfly with a +0 hand axe.
Your butterfly dies!
Your butterfly disappears in a puff of smoke!
Things that are here:
a +0 club; an orc corpse You hit the orc.
You drain the orc.
You kill the orc!
The orc priest mumbles some strange prayers to Beogh against you.
Beogh smites you!
You die...

###############
####
#.........>.....
#...
#.....b.........
#...
#.........b.....
#...
#...............
#...
#.....b.o.......
#...
#..b.bbb).......
#...
#)....b§@.......
#...
#..b.b..bb......
####...
#......b....####
#......
#......bb...#
#......
#.......b...#
#......
#...........#
#......
#...........#
#......
#......######
#...... #......#
########......


You could see an orc priest.

Vanquished Creatures
  Grinder (D:3)
  Sigmund (D:6)
  Menkaure (D:6)
  An ice beast (D:6)
  A black bear (D:4)
  2 centaurs (D:5)
  A phantom (D:6)
  A kobold brigand (D:3)
  A scorpion (D:4)
  2 necrophages (D:6)
  4 crimson imps (D:3)
  3 hounds
  A jelly (D:6)
  An iguana (D:6)
  2 orc wizards (D:6)
  Ijyb (D:5)
  A mummy (D:5)
  9 gnolls
  5 adders
  A river rat (D:4)
  2 ufetubi (D:5)
  2 worms (D:2)
  4 dart slugs
  27 orcs
  6 bats
  10 endoplasms
  2 giant cockroaches
  12 hobgoblins
  9 jackals
  5 quokkas
  9 ball pythons
  A frilled lizard (D:2)
  4 goblins
  14 kobolds
  5 rats
152 creatures vanquished.

Vanquished Creatures (others)
  An iguana (D:4)
  A fungus (D:1)
  3 plants (D:1)
5 creatures vanquished.

Grand Total: 157 creatures vanquished

Notes
Turn   | Place    | Note
-------+----------+-------------------------------------------
     0 | D:1      | masschaos23 the Octopode Brigand began the quest for the
                  | Orb.
     0 | D:1      | Reached XP level 1. HP: 14/14 MP: 1/1
    41 | D:1      | Reached XP level 2. HP: 11/19 MP: 2/2
   198 | D:1      | Found a faded altar of an unknown god.
   592 | D:1      | Reached skill level 6 in Stealth
   645 | D:1      | Reached XP level 3. HP: 9/24 MP: 3/3
  1798 | D:2      | Reached XP level 4. HP: 20/30 MP: 4/4
  2660 | D:3      | Reached skill level 7 in Stealth
  2660 | D:3      | Reached XP level 5. HP: 35/35 MP: 5/5
  2821 | D:3      | Gained mutation: Your flesh is cold resistant. (rC+)
                  | [potion of mutation]
  2821 | D:3      | Gained mutation: One of your tentacles bears a spike.
                  | [potion of mutation]
  2925 | D:3      | Noticed Grinder
  2938 | D:3      | Paralysed by Grinder for 4 turns
  2940 | D:3      | Killed Grinder
  2941 | D:3      | Reached skill level 8 in Stealth
  2941 | D:3      | Reached XP level 6. HP: 38/41 MP: 6/6
  3396 | D:3      | Found a shimmering altar of Xom.
  3466 | D:3      | Reached XP level 7. HP: 12/45 MP: 7/7
  3796 | D:3      | Reached skill level 9 in Stealth
  4145 | D:3      | Became a worshipper of Xom the Psychopath
  4230 | D:4      | XOM: divination: detect creatures
  4231 | D:4      | XOM: potion effect (invisibility)
  4375 | D:4      | XOM: divination: detect creatures
  4386 | D:4      | XOM: smoke on damage
  4391 | D:4      | HP: 2/45 [poisoned by a scorpion]
  4805 | D:4      | XOM: divination: detect items
  4873 | D:4      | Found a hide-covered altar of Uskayaw.
  5051 | D:4      | XOM: give mutation
  5051 | D:4      | Gained mutation: You are partially covered in iridescent
                  | scales. (AC +2) [Xom's grace]
  5193 | D:5      | Entered Level 5 of the Dungeon
  5217 | D:5      | Reached skill level 10 in Stealth
  5217 | D:5      | Reached XP level 8. HP: 29/52 MP: 8/8
  5724 | D:5      | Noticed Ijyb
  5733 | D:5      | Killed Ijyb
  5781 | D:5      | XOM: scenery: summon butterflies
  5870 | D:5      | XOM: give mutations
  5870 | D:5      | Gained mutation: You passively dampen the noise of your
                  | surroundings. [Xom's grace]
  5870 | D:5      | Gained mutation: You are somewhat resistant to further
                  | mutation. [Xom's grace]
  5870 | D:5      | Gained mutation: You are agile. (Dex +4, Str/Int -1) [Xom's
                  | grace]
  5900 | D:5      | XOM: scenery: summon butterflies
  6038 | D:5      | XOM: give mutation
  6038 | D:5      | Lost mutation: You are somewhat resistant to further
                  | mutation. [Xom's grace]
  6038 | D:5      | Gained mutation: You have hidden genetic potential. [Xom's
                  | grace]
  6042 | D:5      | Found a broken altar of Ashenzari.
  6268 | D:5      | Reached skill level 5 in Short Blades
  6317 | D:5      | Found a snail-covered altar of Cheibriados.
  6376 | D:5      | XOM: scenery: create altars
  6414 | D:5      | XOM: give mutation
  6414 | D:5      | Gained mutation: Your mind is acute. (Int +4, Str/Dex -1)
                  | [Xom's grace]
  6716 | D:6      | Reached skill level 11 in Stealth
  6807 | D:6      | Noticed Sigmund
  6817 | D:6      | Killed Sigmund
  6866 | D:6      | XOM: fog
  7110 | D:6      | XOM: scenery: create altars
  7189 | D:6      | XOM: scenery: summon butterflies
  7411 | D:6      | Noticed Menkaure
  7429 | D:6      | XOM: cleaving
  7435 | D:6      | Reached skill level 12 in Stealth
  7435 | D:6      | Reached XP level 9. HP: 7/58 MP: 9/9
  7435 | D:6      | Killed Menkaure
  7466 | D:6      | XOM: scenery: create altars
  7543 | D:6      | XOM: scenery: summon butterflies
  7552 | D:6      | Killed from afar by an orc priest

Illustrated notes

Levels and vault maps discovered:
D:1:      tarquinn_simple_flora_water_e, layout_loops_corners,
          dreamdust_ecumenical_altar_hidden_monk_grotto, nicolae_eternal_life
D:2:      layout_loops_corners
D:3:      cheibrodos_thug_alley, layout_loops_ring, led_xom_imps, uniq_grinder
D:4:      layout_basic, nicolae_uskayaw_dance_hall,
          cheibrodos_sewer_entry_sluice
D:5:      layout_loops_corners, slow_altar_1, old_standard_altar,
          minmay_manual_mares, uniq_ijyb
D:6:      layout_gridville, uniq_sigmund, uniq_menkaure

Skill      XL: |  1  2  3  4  5  6  7  8  9 |
---------------+----------------------------+-----
Stealth        | 6 7 8 10 12 | 12.1
Short Blades   | 3 4 5 |  5.7
Dodging        | 2 3 |  3.5
Throwing       | 3 4 |  4.5
Fighting       | 3 4 |  4.0
Evocations     | |  0.4

Action                   |  1- 3 |  4- 6 |  7- 9 || total
-------------------------+-------+-------+-------++-------
Melee: Dagger            |    45 |       |   173 ||   218
       Constrict         |    21 |    14 |    37 ||    72
       Tentacles         |    16 |     8 |    36 ||    60
       Short sword       |    34 |    64 |       ||    98
       Punch             |     2 |       |     4 ||     6
       Kick              |       |     3 |    66 ||    69
Throw: Dart              |    21 |    13 |    19 ||    53
Evoke: Wand              |       |       |     2 ||     2
  Use: Scroll            |     5 |     4 |     7 ||    16
       Potion            |       |     1 |     2 ||     3
 Stab: Sleeping          |     7 |    16 |    16 ||    39
       Invisible         |       |       |     1 ||     1
Armor: Skin              |     8 |     2 |     9 ||    19
Dodge: Dodged            |    31 |    19 |    84 ||   134
